 Dungeon Crawl Stone Soup version 0.25-a0-700-g7f8a7979f0 (webtiles) character file.

Game seed: 8779762757833690040, levelgen mode: deterministic

9444 Esekla the Fighter (level 11, 89/89 HPs)
             Began as a Gnoll Abyssal Knight on Apr 2, 2020.
             Was a High Priest of Lugonu.
             Got out of the dungeon alive.
             The game lasted 01:26:39 (11779 turns).

Esekla the Fighter (Gnoll Abyssal Knight)          Turns: 11779, Time: 01:26:40

Health: 89/89      AC:  9    Str: 16    XL:     11   Next: 46%
Magic:  29/29      EV: 17    Int: 15    God:    Lugonu [*****.]
Gold:   666        SH: 12    Dex: 16    Spells: 17/22 levels left

rFire    . . .     SeeInvis .   p - +2 rapier (protect)
rCold    . . .     Gourm    .   s - +3 buckler
rNeg     . . .     Faith    .   b - +0 leather armour
rPois    .         Spirit   .   A - +0 helmet
rElec    .         Reflect  +   f - +0 cloak
rCorr    .         Harm     .   I - +1 pair of gloves
MR       .....                  (no boots)
Stlth    +++.......             m - +3 amulet of reflection
HPRegen  0.24/turn              D - ring of magical power
MPRegen  0.21/turn              t - +1 ring of evasion

@: studying Hexes
A: distributed training, fangs 1, strong nose
a: Depart the Abyss, Bend Space, Banish, Corrupt, Enter the Abyss, Renounce
Religion


You escaped.
You worshipped Lugonu.
Lugonu was extremely pleased with you.
You were not hungry.

You visited 2 branches of the dungeon, and saw 12 of its levels.
You visited the Abyss 1 time.
You also visited: Gauntlet.

You collected 706 gold pieces.
You spent 40 gold pieces at shops.

Inventory:

Hand Weapons
 a - a +2 falchion
 p - a +2 rapier of protection (weapon)
 C - the +8 broad axe of Tenacity {freeze, *Slow Str+4 Dex+2}
   (You found it on level 5 of the Dungeon)

   It has been specially enchanted to freeze those struck by it, causing extra
   injury to most foes and up to half again as much damage against particularly
   susceptible opponents.
   It can also slow down cold-blooded creatures.
   It affects your strength (+4).
   It affects your dexterity (+2).
   It may slow you when you take damage.
Missiles
 n - 29 poisoned darts (quivered)
 G - 4 boomerangs of dispersal
Armour
 b - a +0 leather armour (worn)
 f - a +0 cloak (worn)
 s - a +3 buckler (worn)
 u - a +0 chain mail
 w - a +0 plate armour
 A - a +0 helmet (worn)
 I - a +1 pair of gloves (worn)
Jewellery
 g - an uncursed amulet of guardian spirit
 m - a +3 amulet of reflection (around neck)
 t - a +1 ring of evasion (right hand)
 D - a ring of magical power (left hand)
 J - a +3 ring of intelligence
Wands
 y - a wand of iceblast (12)
 L - a wand of paralysis (12)
Scrolls
 j - 5 scrolls of teleportation
 l - 2 scrolls of remove curse
 o - a scroll of immolation
 q - a scroll of blinking
 r - 4 scrolls of magic mapping
 B - a scroll of fog
 E - a scroll of enchant weapon
Potions
 d - 3 potions of magic
 e - 6 potions of flight
 h - 2 potions of stabbing
 i - 2 potions of lignification
 v - 2 potions of curing
 x - a potion of resistance
 z - a potion of mutation
 F - 2 potions of brilliance
 H - a potion of ambrosia
 M - 2 potions of might
Books
 K - a manual of Hexes
Comestibles
 c - 13 rations


   Skills:
 + Level 9.1 Fighting
 + Level 6.2 Short Blades
 + Level 7.8 Long Blades
 + Level 6.2 Axes
 + Level 6.2 Maces & Flails
 + Level 6.2 Polearms
 + Level 6.2 Staves
 + Level 6.2 Slings
 + Level 6.2 Bows
 + Level 6.2 Crossbows
 + Level 6.2 Throwing
 + Level 7.8 Armour
 + Level 6.8 Dodging
 + Level 6.2 Stealth
 + Level 6.2 Shields
 + Level 6.2 Unarmed Combat
 + Level 6.2 Spellcasting
 + Level 5.1 Conjurations
 + Level 6.3 Hexes
 + Level 5.1 Charms
 + Level 5.1 Summonings
 + Level 5.1 Necromancy
 + Level 5.1 Translocations
 + Level 5.1 Transmutations
 + Level 5.1 Fire Magic
 + Level 5.1 Ice Magic
 + Level 5.1 Air Magic
 + Level 5.1 Earth Magic
 + Level 5.1 Poison Magic
 + Level 8.3 Invocations
 + Level 6.2 Evocations


You had 17 spell levels left.
You knew the following spells:

 Your Spells              Type           Power        Failure   Level  Hunger
c - Mephitic Cloud        Conj/Pois/Air  ###.....     6%          3    ##.....
v - Poisonous Vapours     Pois/Air       ###...       3%          2    #......

Your spell library contained the following spells:

 Spells                   Type           Power        Failure   Level  Hunger
 Sting                    Tmut/Pois      ###.         1%          1    None
 Ignite Poison            Fire/Tmut/Pois ###.....     6%          3    ##.....
 Olgreb's Toxic Radiance  Pois           ###.....     21%         4    ####...


Dungeon Overview and Level Annotations

Branches:
Dungeon (9/15)             Temple (0/1) D:5            Lair (3/6) D:9
Gauntlet (visited)
  Swamp: Lair:2-4    Shoals: Lair:2-4     Snake: Lair:2-4    Spider: Lair:2-4
    Orc: D:9-12

Altars:
Dithmenos
Elyvilon
Fedhas
Gozag
Hepliaklqana
Kikubaaqudgha
Makhleb
Okawaru
Ru
Sif Muna
Trog
Vehumet
Wu Jian
Zin
The Shining One

Shops:
D:9 ?

Annotations:
Lair:1 exclusion: 2 oklob plants


Innate Abilities, Weirdness & Mutations

Your experience applies equally to all skills.
You have very sharp teeth.
Your uncanny sense of smell can sniff out nearby items.


Message History

There is a stone staircase leading down here.
There is a stone staircase leading up here.
You climb upwards.
There is a stone staircase leading down here.
There is an escape hatch in the ceiling here.
A mysterious force pulls you upwards. The hatch slams shut behind you.
You see here a ring mail.
There is a stone staircase leading up here.
You climb upwards.
There is a stone staircase leading down here.
There is a stone staircase leading up here.
You climb upwards.
There is a stone staircase leading down here.
There is an open door here.
There is an open door here.
There is a staircase leading out of the dungeon here.
Are you sure you want to leave the Dungeon?
This will make you lose the game! [Y]es or [N]o only, please.
Are you sure you want to leave the Dungeon?
This will make you lose the game!
You have escaped!

# #.........# ##...## #...
# #.#######+#####'## ##..
# #.# ##PP#.#PP##.# ##.
#.###P≈≈#.#..P### #.
#.##P≈≈≈#.#.PPP##### #.
#.#P≈≈≈≈#.#....P#..######.
#.#P≈≈≈≈#.#..P.P#.........
#.#######.#######.########
#.'......@......'.#
#########.#########
#P....#.#≈≈≈≈P#
#PP...#.#≈≈≈≈P#
##PPP.#.#≈≈≈P##
##PP.#.#≈≈P###
##PP#.#PP##.# ####'#####.#
##.# #.#


There were no monsters in sight!

Vanquished Creatures
  2 two-headed ogres
  A moth of wrath (D:5)
  A black mamba (Lair:1)
  3 spiny frogs
  A komodo dragon (Lair:3)
  4 hippogriffs
  A wyvern (Lair:3)
  4 yaks (D:9)
  Menkaure (D:6)
  2 water moccasins
  3 orc warriors
  3 porcupines
  2 sky beasts
  An ice beast (D:9)
  4 ogres
  2 phantoms
  6 centaurs
  5 crocodiles
  6 wolves (Lair:3)
  8 bullfrogs
  3 scorpions
  3 killer bees (D:8)
  5 crimson imps
  2 hounds
  2 bullfrog zombies (D:7)
  2 jellies
  5 orc priests
  6 orc wizards
  3 iguanas
  12 worker ants
  A killer bee zombie (D:9)
  6 gnolls
  14 adders
  3 shadow imps
  An ooze (D:6)
  An adder zombie (D:9)
  An adder skeleton (D:7)
  5 worms
  2 leopard geckos
  19 orcs
  A bat zombie (D:6)
  6 giant cockroaches
  8 goblins
  6 hobgoblins
  2 jackals (D:4)
  7 quokkas
  A ball python (D:6)
  6 bats
  5 frilled lizards
  2 goblin zombies (D:5)
  4 hobgoblin zombies (D:5)
  7 kobolds
  A kobold skeleton (D:5)
  A kobold zombie (D:5)
  An orc skeleton (D:5)
  2 orc zombies (D:5)
  4 rats (D:5)
  2 rat zombies (D:6)
222 creatures vanquished.

Vanquished Creatures (others)
  A ball python (D:5)
  A plant (Gauntlet)
  3 toadstools (D:2)
5 creatures vanquished.

Grand Total: 227 creatures vanquished

Notes
Turn   | Place    | Note
-------+----------+-------------------------------------------
     0 | Abyss:1  | Esekla the Gnoll Abyssal Knight began the quest for the
                  | Orb.
     0 | Abyss:1  | Reached XP level 1. HP: 23/23 MP: 3/3
   136 | Abyss:2  | Noticed an ancient zyme
   151 | Abyss:3  | Noticed an ancient zyme
   167 | Abyss:3  | Noticed a quasit
   173 | Abyss:3  | Noticed a wraith
   173 | Abyss:3  | Noticed a rakshasa
   174 | Abyss:3  | Noticed a tentacled starspawn
   175 | Abyss:3  | Noticed a raiju
   175 | Abyss:3  | Noticed a neqoxec
   176 | D:1      | Escaped the Abyss
   510 | D:1      | Reached XP level 2. HP: 28/29 MP: 5/5
   574 | D:1      | Reached * piety under Lugonu
   936 | D:2      | Reached XP level 3. HP: 21/35 MP: 2/6
  1504 | D:2      | Found a radiant altar of Vehumet.
  1610 | D:2      | Reached skill level 1 in Short Blades
  1610 | D:2      | Reached skill level 1 in Axes
  1610 | D:2      | Reached skill level 1 in Maces & Flails
  1610 | D:2      | Reached skill level 1 in Polearms
  1610 | D:2      | Reached skill level 1 in Staves
  1610 | D:2      | Reached skill level 1 in Slings
  1610 | D:2      | Reached skill level 1 in Bows
  1610 | D:2      | Reached skill level 1 in Crossbows
  1610 | D:2      | Reached skill level 1 in Throwing
  1610 | D:2      | Reached skill level 1 in Stealth
  1610 | D:2      | Reached skill level 1 in Shields
  1610 | D:2      | Reached skill level 1 in Unarmed Combat
  1610 | D:2      | Reached skill level 1 in Spellcasting
  1610 | D:2      | Reached skill level 1 in Evocations
  1628 | D:2      | Reached XP level 4. HP: 41/41 MP: 7/7
  1975 | D:3      | Found an iron altar of Okawaru.
  2084 | D:3      | Reached skill level 1 in Conjurations
  2084 | D:3      | Reached skill level 1 in Hexes
  2084 | D:3      | Reached skill level 1 in Charms
  2084 | D:3      | Reached skill level 1 in Summonings
  2084 | D:3      | Reached skill level 1 in Necromancy
  2084 | D:3      | Reached skill level 1 in Translocations
  2084 | D:3      | Reached skill level 1 in Transmutations
  2084 | D:3      | Reached skill level 1 in Fire Magic
  2084 | D:3      | Reached skill level 1 in Ice Magic
  2084 | D:3      | Reached skill level 1 in Air Magic
  2084 | D:3      | Reached skill level 1 in Earth Magic
  2084 | D:3      | Reached skill level 1 in Poison Magic
  2519 | D:3      | Reached ** piety under Lugonu
  2545 | D:3      | Reached XP level 5. HP: 45/47 MP: 8/8
  3225 | D:4      | Found a burning altar of Makhleb.
  3260 | D:4      | Reached skill level 5 in Invocations
  3260 | D:4      | Reached XP level 6. HP: 52/53 MP: 9/9
  3282 | D:4      | Noticed a phantom
  3337 | D:2      | Reached skill level 5 in Long Blades
  3337 | D:2      | Reached skill level 5 in Armour
  3624 | D:4      | Found a shadowy altar of Dithmenos.
  3836 | D:5      | Entered Level 5 of the Dungeon
  3955 | D:5      | Reached XP level 7. HP: 59/59 MP: 10/10
  3975 | D:5      | Found a glowing golden altar of the Shining One.
  4052 | D:5      | Reached skill level 7 in Fighting
  4076 | D:5      | Found a glowing silver altar of Zin.
  4086 | D:5      | Found a white marble altar of Elyvilon.
  4221 | D:5      | Learned a level 2 spell: Poisonous Vapours
  4225 | D:5      | Learned a level 3 spell: Mephitic Cloud
  4226 | D:5      | Found a staircase to the Ecumenical Temple.
  4996 | D:5      | Found a bloodstained altar of Trog.
  4996 | D:5      | Noticed a moth of wrath
  5019 | D:5      | Reached *** piety under Lugonu
  5044 | D:5      | Got a faintly glowing broad axe
  5068 | D:5      | Killed a moth of wrath
  5068 | D:5      | Reached XP level 8. HP: 67/67 MP: 9/12
  5147 | D:5      | Identified the +8 broad axe of Tenacity {freeze, *Slow
                  | Str+4 Dex+2} (You found it on level 5 of the Dungeon)
  5271 | D:6      | Found a shimmering blue altar of Sif Muna.
  5358 | D:6      | Found a hazy altar of Hepliaklqana.
  5768 | D:6      | Reached XP level 9. HP: 71/72 MP: 14/14
  5928 | D:6      | Found an ancient bone altar of Kikubaaqudgha.
  6632 | D:7      | Noticed Menkaure
  6669 | D:6      | Killed Menkaure
  7159 | D:7      | Reached skill level 5 in Dodging
  7249 | D:7      | Reached **** piety under Lugonu
  7340 | D:7      | Reached skill level 8 in Fighting
  7584 | D:7      | Found a blossoming altar of Fedhas.
  7584 | D:7      | Found a sacrificial altar of Ru.
  8030 | D:8      | Reached XP level 10. HP: 80/80 MP: 17/17
  8188 | D:8      | Noticed a two-headed ogre
  8287 | D:8      | Found an ornate altar of the Wu Jian Council.
  8292 | D:8      | Killed a two-headed ogre
  8292 | D:8      | Reached skill level 5 in Short Blades
  8292 | D:8      | Reached skill level 5 in Axes
  8292 | D:8      | Reached skill level 5 in Maces & Flails
  8292 | D:8      | Reached skill level 5 in Polearms
  8292 | D:8      | Reached skill level 5 in Staves
  8292 | D:8      | Reached skill level 5 in Slings
  8292 | D:8      | Reached skill level 5 in Bows
  8292 | D:8      | Reached skill level 5 in Crossbows
  8292 | D:8      | Reached skill level 5 in Throwing
  8292 | D:8      | Reached skill level 5 in Stealth
  8292 | D:8      | Reached skill level 5 in Shields
  8292 | D:8      | Reached skill level 5 in Unarmed Combat
  8292 | D:8      | Reached skill level 5 in Spellcasting
  8292 | D:8      | Reached skill level 5 in Evocations
  8568 | D:9      | Found Cablim's Magic Scroll Boutique.
  8600 | D:9      | Bought a scroll of identify for 20 gold pieces
  8600 | D:9      | Bought a scroll of identify for 20 gold pieces
  8852 | D:9      | Noticed a two-headed ogre
  8897 | D:9      | Killed a two-headed ogre
  8897 | D:9      | Reached skill level 5 in Hexes
  9537 | D:9      | Found a staircase to the Lair.
  9807 | D:9      | Found an opulent altar of Gozag.
 10300 | Lair:1   | Entered Level 1 of the Lair of Beasts
 10348 | Lair:1   | Reached XP level 11. HP: 63/87 MP: 19/19
 10641 | Lair:1   | Found a bloodstained altar of Trog.
 10676 | Lair:1   | Reached skill level 9 in Fighting
 10701 | Lair:1   | Noticed an oklob plant
 10701 | Lair:1   | Noticed an oklob plant
 10846 | Lair:1   | Reached ***** piety under Lugonu
 10846 | Lair:1   | Reached skill level 5 in Conjurations
 10846 | Lair:1   | Reached skill level 5 in Charms
 10846 | Lair:1   | Reached skill level 5 in Summonings
 10846 | Lair:1   | Reached skill level 5 in Necromancy
 10846 | Lair:1   | Reached skill level 5 in Translocations
 10846 | Lair:1   | Reached skill level 5 in Transmutations
 10846 | Lair:1   | Reached skill level 5 in Fire Magic
 10846 | Lair:1   | Reached skill level 5 in Ice Magic
 10846 | Lair:1   | Reached skill level 5 in Air Magic
 10846 | Lair:1   | Reached skill level 5 in Earth Magic
 10846 | Lair:1   | Reached skill level 5 in Poison Magic
 11273 | Lair:3   | Found a gate leading to a gauntlet.
 11291 | Gauntlet | Entered a Gauntlet
 11291 | Gauntlet | Found a transporter.
 11291 | Gauntlet | Found a transporter.
 11293 | Gauntlet | Noticed a moth of wrath
 11294 | Gauntlet | Found a transporter.
 11297 | Gauntlet | Found a transporter.
 11297 | Gauntlet | Found a transporter.
 11298 | Gauntlet | Found a transporter.
 11329 | Gauntlet | Found a transporter.
 11329 | Gauntlet | Noticed a fire crab
 11333 | Gauntlet | Found a transporter.
 11336 | Gauntlet | Noticed a balrug
 11345 | Gauntlet | Found a transporter.
 11360 | Gauntlet | Noticed a dire elephant
 11360 | Gauntlet | Found a transporter.
 11377 | Gauntlet | Found a transporter.
 11378 | Gauntlet | Found a transporter.
 11384 | Gauntlet | Noticed a fire crab
 11779 | D:$      | Got out of the dungeon alive.

Levels and vault maps discovered:
D:1:      psy_arrival_terrarium, layout_loops_corners
D:2:      layout_loops_ring, old_standard_altar, minmay_misc_feat_iff,
          minmay_tree_intersection, minmay_gold_behind_fungi
D:3:      layout_loops_ring, kennysheep_okawaru_gauntlet, first_ration
D:4:      layout_basic, grunt_dithmenos_smoke_and_mirrors, makhleb_grotto_becter
D:5:      layout_cave_pods, nicolae_overflow_crystal_walls, tgw_trog,
          elyvilon_altar_4, nicolae_tso_besieged_by_evil,
          minmay_temple_entry_glassed_door
D:6:      layout_gridville, old_standard_altar,
          lemuel_zombie_altar_kikubaaqudgha, basic_altar, minmay_misc_feat_five
D:7:      layout_loops_corners, gammafunk_temple_overflow_statue,
          serial_co_window_serial, co_window_paths_b, co_window_paths_a,
          co_window_corner_a, co_window_paths_a, co_window_corner_a,
          co_window_of_opportunity_a, co_window_paths_a, co_window_2corner,
          co_window_unsneaky_path_d, co_window_broadway_c, glass_columns_a,
          minmay_manual_mares, uniq_menkaure
D:8:      layout_rooms, overflow_temple_1_default
D:9:      layout_loops_cross, grunt_lair_entry_orc_guard_hut, serial_shops,
          shop, basic_altar
Lair:1:   layout_roguey, basic_altar, minivault_19, minmay_lair_oklob_chamber
Lair:2:   layout_cave_pods, minivault_26
Lair:3:   layout_misc_corridors, gauntlet_entry_generic, st_stairs_11,
          small_statue_intersection

Skill      XL: |  1  2  3  4  5  6  7  8  9 10 11 |
---------------+----------------------------------+-----
Short Blades   | 1 2 3 4 5 6 |  6.2
Axes           | 1 2 3 4 5 6 |  6.2
Maces & Flails | 1 2 3 4 5 6 |  6.2
Polearms       | 1 2 3 4 5 6 |  6.2
Staves         | 1 2 3 4 5 6 |  6.2
Slings         | 1 2 3 4 5 6 |  6.2
Bows           | 1 2 3 4 5 6 |  6.2
Crossbows      | 1 2 3 4 5 6 |  6.2
Throwing       | 1 2 3 4 5 6 |  6.2
Stealth        | 1 2 3 4 5 6 |  6.2
Shields        | 1 2 3 4 5 6 |  6.2
Unarmed Combat | 1 2 3 4 5 6 |  6.2
Spellcasting   | 1 2 3 4 5 6 |  6.2
Evocations     | 1 2 3 4 5 6 |  6.2
Conjurations   | 1 2 3 4 5 |  5.1
Hexes          | 1 2 3 4 5 6 |  6.3
Charms         | 1 2 3 4 5 |  5.1
Summonings     | 1 2 3 4 5 |  5.1
Necromancy     | 1 2 3 4 5 |  5.1
Translocations | 1 2 3 4 5 |  5.1
Transmutations | 1 2 3 4 5 |  5.1
Fire Magic     | 1 2 3 4 5 |  5.1
Ice Magic      | 1 2 3 4 5 |  5.1
Air Magic      | 1 2 3 4 5 |  5.1
Earth Magic    | 1 2 3 4 5 |  5.1
Poison Magic   | 1 2 3 4 5 |  5.1
Dodging        | 3 4 5 6 |  6.8
Invocations    | 5 6 7 8 |  8.3
Long Blades    | 5 6 7 |  7.8
Armour         | 5 6 7 |  7.8
Fighting       | 7 8 9 |  9.1

Action                   |  1- 3 |  4- 6 |  7- 9 | 10-12 || total
-------------------------+-------+-------+-------+-------++-------
Melee: Falchion          |    80 |   251 |   310 |   199 ||   840
       Bite              |     7 |    33 |    48 |    43 ||   131
       Broad axe         |       |       |    17 |    22 ||    39
       Rapier            |       |       |     4 |    12 ||    16
Throw: Dart              |     1 |    16 |     9 |     5 ||    31
 Cast: Poisonous Vapours |       |       |    43 |    65 ||   108
       Mephitic Cloud    |       |       |     7 |     7 ||    14
Invok: Depart the Abyss  |     1 |       |       |       ||     1
       Bend Space        |       |       |       |     2 ||     2
Evoke: Wand              |       |       |       |     1 ||     1
  Use: Scroll            |       |       |    10 |    14 ||    24
       Potion            |       |       |     2 |     1 ||     3
 Stab: Sleeping          |     1 |     1 |     4 |     8 ||    14
       Distracted        |       |       |     1 |       ||     1
       Confused          |       |       |     5 |    10 ||    15
  Eat: Chunk             |     1 |     8 |    10 |    14 ||    33
       Ration            |       |       |     2 |       ||     2
Armor: Leather armour    |    17 |     6 |    54 |    29 ||   106
       Chain mail        |       |    84 |    14 |       ||    98
Dodge: Dodged            |    51 |    64 |   155 |   144 ||   414
Block: Buckler           |       |    59 |   128 |   119 ||   306
       Reflection        |       |       |     5 |       ||     5
       Rpst.: Falchion   |    18 |    27 |    49 |    40 ||   134

Table legend:
 A = Non-vault XP
 B = Vault XP
 C = Vault XP percentage of total XP
 D = Non-vault monster count
 E = Vault monster count
 F = Vault count percentage of total count
                 A         B        C        D         E       F
            +---------+---------+-------+---------+---------+-------
      Total |   11996 |    1496 |  11.1 |     191 |      31 |  14.0
            +---------+---------+-------+---------+---------+-------
        D:1 |      23 |       0 |   0.0 |      16 |       0 |   0.0
        D:2 |     195 |       0 |   0.0 |      19 |       0 |   0.0
        D:3 |     122 |       0 |   0.0 |      14 |       0 |   0.0
        D:4 |     182 |      46 |  20.2 |      16 |       1 |   5.9
        D:5 |     390 |     524 |  57.3 |      11 |      19 |  63.3
        D:6 |    1004 |     176 |  14.9 |      22 |       4 |  15.4
        D:7 |    1001 |     231 |  18.8 |      25 |       2 |   7.4
        D:8 |    2245 |       0 |   0.0 |      23 |       0 |   0.0
        D:9 |    2387 |     519 |  17.9 |      22 |       5 |  18.5
     Lair:1 |    2442 |       0 |   0.0 |      11 |       0 |   0.0
     Lair:2 |     881 |       0 |   0.0 |       4 |       0 |   0.0
     Lair:3 |    1124 |       0 |   0.0 |       8 |       0 |   0.0
            +---------+---------+-------+---------+---------+-------
